 Dungeon Crawl Stone Soup version 0.23.2-40-g277498a (webtiles) character file.

Game seed: 14794126529865807603

289065 Lorak the Imperceptible (level 19, -2/95 HPs)
             Began as a Spriggan Conjurer on Oct 8, 2019.
             Was the Champion of Dithmenos.
             Slain by a caustic shrike zombie (18 damage)
             ... led by a necromancer
             ... on level 1 of the Depths on Oct 10, 2019.
             The game lasted 06:42:24 (78151 turns).

Lorak the Imperceptible (Spriggan Conjurer)        Turns: 78151, Time: 06:42:25

Health: -2/95      AC:  5    Str: 10    XL:     19   Next: 90%
Magic:  42/47      EV: 40    Int: 23    God:    Dithmenos [******]
Gold:   4284       SH:  9    Dex: 25    Spells: 6/47 levels left

rFire    + . .     SeeInvis +   a - +3 quick blade "Inenysus" {protect, MP+9 Dex+4}
rCold    . . .     Gourm    +   L - +0 buckler
rNeg     . . .     Faith    .   Y - +2 robe {MR+}
rPois    .         Spirit   .   J - +1 hat of Boredom {+Fly rElec rCorr Str+5}
rElec    +         Reflect  .   q - scarf {cloud immunity}
rCorr    +         Harm     .   (gloves unavailable)
MR       ++++.                  (boots unavailable)
Stlth    ++++++++++             H - amulet "Xapsoor" {Gourm Int+4 Slay+2 Stlth+}
HPRegen  0.25/turn              N - ring of wizardry
MPRegen  0.30/turn              j - ring of protection from fire

@: wreathed by umbra, studying Shields, very quick
A: very small, unfitting armour, see invisible, herbivore, speed 3, slow
metabolism 2
}: 2/15 runes: decaying, gossamer
a: Shadow Step, Shadow Form, Renounce Religion, Evoke Flight


You were on level 1 of the Depths.
You worshipped Dithmenos.
Dithmenos was exalted by your worship.
You were not hungry.

You visited 8 branches of the dungeon, and saw 37 of its levels.
You also visited: Ossuary, Bailey and Ice Cave.

You collected 4284 gold pieces.

Inventory:

Hand Weapons
 a - the +3 quick blade "Inenysus" (weapon) {protect, MP+9 Dex+4}
   (You acquired it on level 5 of the Lair of Beasts)

   It protects the one who uses it against injury (+AC on strike).
   It affects your dexterity (+4).
   It affects your magic capacity (+9).
Armour
 q - a scarf of cloud immunity (worn)
 J - the +1 hat of Boredom (worn) {+Fly rElec rCorr Str+5}
   (You acquired it on level 1 of the Lair of Beasts)

   It affects your strength (+5).
   It insulates you from electricity.
   It lets you fly.
   It provides partial protection from all sources of acid and corrosion.
 L - a +0 buckler (worn)
 S - a +0 cloak of poison resistance
 V - the +4 robe of Filth {MR- rCorr MP+9 Dex+6}
   (You found it on level 5 of the Lair of Beasts)

   It affects your dexterity (+6).
   It affects your resistance to hostile enchantments.
   It affects your magic capacity (+9).
   It provides partial protection from all sources of acid and corrosion.
 Y - a +2 robe of magic resistance (worn)
 Z - a +2 robe of cold resistance
Magical Staves
 b - an uncursed staff of wizardry
Jewellery
 j - a ring of protection from fire (right hand)
 D - the ring of Departure {rC+ Slay+2}
   (You found it on level 2 of the Swamp)

   [ring of protection from cold]

   It affects your accuracy and damage with ranged weapons and melee attacks
   (+2).
   It protects you from cold.
 E - a +3 amulet of reflection
 H - the amulet "Xapsoor" (around neck) {Gourm Int+4 Slay+2 Stlth+}
   (You found it on level 12 of the Dungeon)

   [amulet of the gourmand]

   It allows you to eat raw meat even when not hungry.
   It affects your intelligence (+4).
   It affects your accuracy and damage with ranged weapons and melee attacks
   (+2).
   It makes you more stealthy.
 M - the ring "Atwupoto" {EV+6 Str-4 Dex+6}
   (You found it on level 9 of the Dungeon)

   [ring of evasion]

   It affects your evasion (+6).
   It affects your strength (-4).
   It affects your dexterity (+6).
 N - a ring of wizardry (left hand)
 P - an uncursed ring of positive energy
 W - an uncursed ring of flight
Wands
 g - a wand of disintegration (15)
 l - a wand of flame (24)
 p - a wand of clouds (16)
 t - a wand of scattershot (24)
 G - a wand of iceblast (50)
 K - a wand of paralysis (38)
 T - a wand of acid (10)
Scrolls
 e - 4 scrolls of enchant weapon
 f - 4 scrolls of fog
 n - 2 scrolls of silence
 o - 12 scrolls of remove curse
 r - 4 scrolls of blinking
 s - 7 scrolls of magic mapping
 y - 4 scrolls of amnesia
 A - 8 scrolls of fear
 C - 3 scrolls of holy word
 O - 16 scrolls of teleportation
 R - 17 scrolls of identify
 X - 5 scrolls of enchant armour
Potions
 d - 8 potions of brilliance
 h - 6 potions of lignification
 i - 4 potions of mutation
 k - 8 potions of heal wounds
 m - 10 potions of flight
 u - 2 potions of resistance
 w - 4 potions of haste
 x - 2 potions of magic
 z - 3 potions of cancellation
 B - 7 potions of ambrosia
 F - 5 potions of curing
 I - 7 potions of agility
 Q - 3 potions of might
 U - 2 potions of invisibility
Books
 v - a manual of Shields
Comestibles
 c - 14 rations


   Skills:
 + Level 8.7 Fighting
 - Level 10.2 Short Blades
 * Level 21.4 Dodging
 + Level 22.7 Stealth
 - Level 7.2 Shields
 + Level 14.9 Spellcasting
 - Level 2.9 Conjurations
 - Level 10.8 Hexes
 + Level 19.8 Translocations
 + Level 7.0 Air Magic
 + Level 7.7 Invocations
 + Level 10.0 Evocations


You had 6 spell levels left.
You knew the following spells:

 Your Spells              Type           Power        Failure   Level  Hunger
a - Magic Dart            Conj           ####         1%          1    None
b - Controlled Blink      Tloc           N/A          2%          8    #######
c - Fulminant Prism       Conj/Hex       #####.....   1%          4    None
d - Dazzling Spray        Conj/Hex       #####.       1%          3    None
e - Call Canine Familiar  Summ           ###.....     4%          3    None
f - Summon Lightning Spi  Summ/Air       ####....     3%          4    None
g - Iskenderun's Mystic   Conj           ####....     4%          4    None
h - Passage of Golubria   Tloc           N/A          0%          4    None
i - Shroud of Golubria    Chrm/Tloc      ######....   1%          2    None
j - Lightning Bolt        Conj/Air       #####.....   4%          5    ##.....
q - Summon Small Mammal   Summ           ###.         1%          1    None
w - Call Imp              Summ           ###.....     2%          2    None

Your spell library contained the following spells:

 Spells                   Type           Power        Failure   Level  Hunger
 Blink                    Tloc           N/A          0%          2    None
 Gell's Gravitas          Tloc           #######...   0%          3    None
 Lesser Beckoning         Tloc           #######...   0%          3    None
 Portal Projectile        Hex/Tloc       ######       0%          3    None
 Teleport Other           Tloc           #######.     0%          3    None
 Shock                    Conj/Air       ####         1%          1    None
 Searing Ray              Conj           ####..       1%          2    None
 Swiftness                Chrm/Air       ####....     1%          2    None
 Static Discharge         Conj/Air       #####...     1%          3    None
 Summon Guardian Golem    Hex/Summ       #####...     1%          3    None
 Airstrike                Air            #####.....   1%          4    None
 Force Lance              Conj/Tloc      ######..     1%          4    None
 Dispersal                Tloc           #######...   1%          6    #####..
 Metabolic Englaciation   Hex/Ice        #####.....   4%          5    ##.....
 Ice Form                 Ice/Tmut       ###.....     14%         4    None
 Summon Ice Beast         Ice/Summ       ###.....     14%         4    None
 Freezing Cloud           Conj/Ice/Air   ####......   45%         6    #####..
 Bolt of Cold             Conj/Ice       ###.......   71%         6    #####..
 Ozocubu's Refrigeration  Ice            ###.......   88%         6    #####..
 Simulacrum               Ice/Necr       ###.......   88%         6    #####..
 Disjunction              Tloc           #######...   2%          8    #######
 Ignition                 Fire           ###.......   100%        8    #######
 Shatter                  Erth           ###.......   100%        9    #######
 Tornado                  Air            #####.....   100%        9    #######


Dungeon Overview and Level Annotations

Branches:
Dungeon (15/15)            Temple (1/1) D:5            Lair (6/6) D:11
  Swamp (4/4) Lair:2       Spider (4/4) Lair:2        Slime (0/5) Lair:6
    Orc (2/2) D:10            Elf (0/3) Orc:2        Vaults (4/5) D:13
  Crypt (0/3) Vaults:2     Depths (1/5) D:15

Altars:
Ashenzari
Cheibriados
Dithmenos
Elyvilon
Fedhas
Gozag
Hepliaklqana
Kikubaaqudgha
Makhleb
Nemelex Xobeh
Okawaru
Qazlal
Ru
Sif Muna
Trog
Uskayaw
Vehumet
Wu Jian
Xom
Yredelemnul
Zin
The Shining One
Jiyva
Lugonu

Shops:
D:8 (   D:13 %   Orc:2 =?((   Vaults:4 **

Annotations:
D:10 2 transporters, paraphrased's ghost, novice GrGl
Lair:1 exclusion: oklob plant
Swamp:1 exclusion: Roxanne, Roxanne
Swamp:2 Louise
Orc:2 Jorgrun
Vaults:1 3 runed translucent doors, Lunwagho's ghost, adept DEWz; Rufo's ghost, adept GrFi
Depths:1 Sojobo


Innate Abilities, Weirdness & Mutations

You are very small and have problems with some larger weapons.
You are too small for most types of armour.
You have supernaturally acute eyesight. (SInv)
You are a herbivore.
You cover ground extremely quickly.
You need to consume almost no food.


Message History

The caustic shrike zombie claws you.
You see here a potion of curing.
The deep troll earth mage bites your lightning spire.
The deep troll earth mage completely misses your lightning spire.
The deep troll earth mage claws your lightning spire but does no damage.
The caustic shrike zombie completely misses you.
Your lightning spire shoots out a bolt of lightning at the deep troll earth mage!
The bolt of electricity hits the deep troll earth mage! x2
The deep troll earth mage bites your lightning spire!
The deep troll earth mage barely misses your lightning spire.
The deep troll earth mage claws your lightning spire but does no damage.
Found a ring mail.
The caustic shrike zombie claws you!!
* * * LOW HITPOINT WARNING * * *
You emit a cloud of dark smoke.
Casting: Dazzling Spray (safe; 1% risk of failure)
Confirm with . or Enter, or press ? or * to list all spells.
Okay, then.
You fail to use your ability.
The caustic shrike zombie claws you!!
You die...

##.........##
#..!........##
........Z....##
......E.......##
.........$.....##
../......###....##
8.......##
##....## T.......#
#..§..## ........#
#..Z@§.# .........
#.....§..#
........
............#
.......
..............#
......
...............#
..[≈≈.
................
.≈≈≈≈≈
................
.≈≈≈≈≈
............###
.≈≈≈≈≈


You could see a caustic shrike zombie.

Vanquished Creatures
  Arachne (Spider:2)
  2 liches
  Asterion (Spider:1)
  2 sphinxes
  5 thorn hunters
  2 storm dragons
  A frost giant (Vaults:3)
  5 emperor scorpions (Spider:4)
  12 vault wardens
  2 fire giants (Vaults:4)
  3 ghost moths (Spider:4)
  A ghoul (Vaults:2)
  A very ugly thing (Vaults:3)
  4 stone giants
  7 ironheart preservers
  5 entropy weavers
  4 spark wasps
  2 crystal guardians
  4 ettins
  7 yaktaur captains
  7 vault guards
  2 great orbs of eyes (Vaults:4)
  Fannar (D:11)
  3 ice dragons
  A servant of whispers (Vaults:1)
  Erolcha (D:11)
  A great orb of eyes (shapeshifter) (D:13)
  A ghost crab (Swamp:1)
  The ghost of Aisha the Grappler, a journeyman DrTm of Kikubaaqudgha (D:11)
  2 shambling mangroves
  23 hydras
  39 two-headed ogres
  Erica (Orc:1)
  8 alligators
  9 centaur warriors
  A death knight (Vaults:2)
  10 ogre magi
  2 death yaks (Lair:6)
  A deep troll earth mage (Vaults:2)
  A tengu warrior (D:15)
  A deep troll shaman (Vaults:1)
  5 deep elf knights
  Nergalle (D:11)
  A shadow wraith (Vaults:3)
  Sonja (Lair:5)
  The ghost of Huhuniw the Gouger, a journeyman FeFi of Fedhas (Lair:4)
  2 flayed ghosts
  A death drake (shapeshifter) (Vaults:4)
  4 deep trolls
  A fire crab (Lair:6)
  3 wizards
  4 unseen horrors
  An obsidian statue (Vaults:4)
  15 orc knights
  7 swamp dragons
  2 spriggan druids
  5 deep elf archers
  13 harpies
  A tengu zombie (Vaults:2)
  7 ironbrand convokers
  A lindwurm (Lair:6)
  12 orb spiders
  20 ugly things
  A stone giant zombie (Vaults:3)
  A necromancer (Vaults:2)
  An orc sorcerer (Vaults:2)
  38 wolf spiders
  A fire giant zombie (Vaults:3)
  5 cyclopes
  A manticore (D:13)
  11 deep elf magi
  A salamander (Depths:1)
  3 elephants
  11 vault sentinels
  Maurice (Orc:2)
  8 black mambas
  3 gargoyles
  A naga mage (D:15)
  A guardian serpent (shapeshifter) (D:14)
  2 centaur skeletons
  9 torpor snails
  21 spiny frogs
  A komodo dragon (shapeshifter) (Vaults:3)
  5 rime drakes
  An efreet (D:13)
  3 komodo dragons
  A storm dragon simulacrum (Vaults:3)
  4 freezing wraiths
  17 yaktaurs
  7 demonic crawlers
  A troll (shapeshifter) (Vaults:3)
  A meliai (shapeshifter) (Vaults:1)
  3 meliai (D:15)
  10 trolls
  14 tyrant leeches
  41 jumping spiders
  3 saltlings (Vaults:1)
  26 hornets
  A hornet (shapeshifter) (Vaults:3)
  Prince Ribbit (D:5)
  16 hippogriffs
  20 blink frogs
  2 dream sheep (Lair:4)
  A human simulacrum (Vaults:2)
  6 bog bodies
  46 slime creatures
  50 redbacks
  A shadow (Swamp:1)
  30 tarantellas
  11 spriggans
  3 water elementals (D:15)
  44 yaks
  A vampire (D:14)
  A hog (shapeshifter) (Vaults:2)
  16 wyverns
  2 hogs (D:13)
  A human (D:13)
  Grum (D:10)
  A golden eye (shapeshifter) (Vaults:3)
  2 wraiths
  12 vampire mosquitoes
  A hungry ghost (D:12)
  A basilisk (Lair:2)
  6 wargs
  18 swamp worms
  2 acid dragons
  5 insubstantial wisps (Swamp:2)
  A soldier ant (D:8)
  20 water moccasins
  8 porcupines
  53 orc warriors
  9 swamp drakes
  2 black bears
  3 phantoms
  2 sky beasts
  A black bear (shapeshifter) (Vaults:1)
  An eye of draining (D:13)
  9 ice beasts
  23 ogres
  A boggart (Lair:4)
  14 wolves
  31 centaurs
  2 human skeletons
  17 crocodiles
  A big kobold (D:9)
  Blork the orc (D:6)
  2 wyvern zombies
  21 bullfrogs
  A glowing shapeshifter simulacrum (Vaults:2)
  A deep troll simulacrum (Vaults:2)
  A gnoll sergeant (D:7)
  13 scorpions
  A water moccasin skeleton (D:4)
  7 wights
  11 killer bees
  11 electric eels
  8 crimson imps
  3 howler monkeys
  2 bullfrog zombies
  4 centaur zombies
  A quasit (D:14)
  5 jellies
  12 orc priests
  2 human zombies
  12 orc wizards
  2 gnoll shamans
  3 hounds
  3 bullfrog skeletons
  4 iguanas
  Ijyb (D:5)
  12 worker ants
  4 mummies
  11 gnolls
  2 scorpion zombies (Ossuary)
  11 adders
  2 river rats (D:6)
  2 shadow imps
  3 oozes
  6 worms
  3 dart slugs
  7 leopard geckos
  88 orcs
  A ball python (D:2)
  6 giant cockroaches
  3 gnoll zombies (Ossuary)
  10 goblins
  8 hobgoblins
  10 jackals
  5 quokkas
  7 bats
  3 frilled lizards
  2 goblin zombies (Ossuary)
  A jackal skeleton (D:8)
  4 kobolds
  2 kobold zombies (Ossuary)
  4 orc zombies (Ossuary)
  A quokka skeleton (D:5)
  10 rats
  2 fulminant prisms
  A fungus (Lair:6)
1416 creatures vanquished.

Vanquished Creatures (collateral kills)
  2 ironheart preservers (Vaults:2)
  A stone giant (Depths:1)
  2 ogre magi
  2 yaktaur captains (Vaults:4)
  A rakshasa (Vaults:1)
  A hydra (Swamp:4)
  5 two-headed ogres
  A tengu warrior (Depths:1)
  3 deep trolls
  2 swamp dragons (Swamp:4)
  A deep elf archer (Vaults:1)
  A wizard (D:15)
  An ironbrand convoker (Vaults:3)
  A cyclops (Vaults:1)
  A deep elf mage (Vaults:4)
  An orc knight (Vaults:3)
  An ugly thing (Vaults:1)
  A rime drake (Swamp:3)
  3 yaktaurs
  A freezing wraith (Vaults:2)
  A bog body (Swamp:1)
  A spriggan (Lair:4)
  A swamp worm (Swamp:4)
  A water moccasin (Lair:6)
  2 swamp drakes (Swamp:4)
  4 orc warriors
  3 ogres
  An orc priest (Vaults:2)
  An iguana (shapeshifter) (Vaults:4)
  3 orcs
  A fulminant prism (D:15)
51 creatures vanquished.

Vanquished Creatures (others)
  A two-headed ogre (Vaults:1)
  A necromancer (Vaults:3)
  A moth of wrath (Spider:1)
  A yaktaur (Vaults:2)
  A jumping spider (Spider:1)
  A quokka (D:5)
  A goblin zombie (Ossuary)
  2 briar patches (Swamp:2)
  90 fulminant prisms
  24 fungi
  47 plants
170 creatures vanquished.

Grand Total: 1637 creatures vanquished

Notes
Turn   | Place    | Note
-------+----------+-------------------------------------------
     0 | D:1      | Lorak the Spriggan Conjurer began the quest for the Orb.
     0 | D:1      | Reached XP level 1. HP: 9/9 MP: 5/5
   192 | D:1      | Reached XP level 2. HP: 13/13 MP: 2/7
   732 | D:1      | Reached skill level 4 in Stealth
   851 | D:2      | Reached XP level 3. HP: 16/16 MP: 8/8
   877 | D:1      | Reached skill level 1 in Short Blades
  1943 | D:2      | Found a snail-covered altar of Cheibriados.
  2137 | D:2      | Found an ornate altar of the Wu Jian Council.
  2145 | D:2      | Found an iron altar of Okawaru.
  3195 | D:3      | Reached skill level 5 in Stealth
  3195 | D:3      | Reached XP level 4. HP: 9/21 MP: 0/10
  3737 | D:3      | Found a sparkling altar of Nemelex Xobeh.
  4205 | D:3      | Found a radiant altar of Vehumet.
  4459 | D:3      | Reached XP level 5. HP: 19/24 MP: 0/11
  4555 | D:4      | Noticed a phantom
  4799 | D:4      | Noticed a phantom
  4804 | D:4      | Found a blossoming altar of Fedhas.
  4975 | D:4      | Reached skill level 5 in Dodging
  4975 | D:4      | Reached skill level 6 in Stealth
  5162 | D:4      | Reached XP level 6. HP: 28/28 MP: 13/13
  6432 | D:4      | Reached skill level 7 in Stealth
  6593 | D:4      | Learned a level 3 spell: Dazzling Spray
  6905 | D:5      | Entered Level 5 of the Dungeon
  7015 | D:5      | Noticed a sky beast
  7330 | D:4      | Reached skill level 1 in Hexes
  7330 | D:4      | Reached XP level 7. HP: 32/32 MP: 1/15
  7490 | D:5      | Noticed Prince Ribbit
  7494 | D:5      | Killed Prince Ribbit
  7494 | D:5      | Reached skill level 8 in Stealth
  7494 | D:5      | Reached skill level 5 in Spellcasting
  7782 | D:5      | Found a white marble altar of Elyvilon.
  7810 | D:5      | Found a hide-covered altar of Uskayaw.
  7811 | D:5      | Found a hazy altar of Hepliaklqana.
  8446 | D:5      | Found a staircase to the Ecumenical Temple.
  8449 | D:5      | Noticed Ijyb
  8457 | D:5      | Killed Ijyb
  8471 | Temple   | Entered the Ecumenical Temple
  8575 | D:5      | Reached XP level 8. HP: 36/36 MP: 16/16
  8914 | D:6      | Reached skill level 9 in Stealth
  8971 | D:6      | Found a sand-covered staircase.
  9038 | Ossuary  | Entered an ossuary
 10473 | Ossuary  | Reached skill level 10 in Stealth
 10778 | Ossuary  | Learned a level 4 spell: Fulminant Prism
 10787 | Ossuary  | Learned a level 8 spell: Controlled Blink
 10887 | D:6      | Found a sacrificial altar of Ru.
 10887 | D:6      | Found an opulent altar of Gozag.
 10950 | D:6      | Reached skill level 1 in Translocations
 11307 | D:6      | Noticed Blork the orc
 11309 | D:6      | Killed Blork the orc
 11358 | D:6      | Reached XP level 9. HP: 30/39 MP: 6/19
 12260 | D:7      | Found an iron altar of Okawaru.
 13447 | D:7      | Found a shattered altar of Ashenzari.
 13501 | D:7      | Reached skill level 10 in Dodging
 13622 | D:7      | Reached skill level 5 in Short Blades
 13802 | D:7      | Reached skill level 11 in Stealth
 15416 | D:8      | Reached skill level 5 in Translocations
 15729 | D:8      | Found Kenaw's Antique Weapon Shoppe.
 15756 | D:8      | Found an ancient bone altar of Kikubaaqudgha.
 15951 | D:8      | Reached skill level 5 in Hexes
 16309 | D:9      | Reached XP level 10. HP: 39/44 MP: 14/21
 16607 | D:9      | Reached skill level 12 in Stealth
 16644 | D:9      | Noticed a two-headed ogre
 16666 | D:9      | Killed a two-headed ogre
 16982 | D:9      | Got a smoking turquoise ring
 16993 | D:9      | Lost strength.
 16993 | D:9      | Identified the ring "Atwupoto" {EV+6 Str-4 Dex+6} (You
                  | found it on level 9 of the Dungeon)
 17239 | D:9      | Found a shadowy altar of Dithmenos.
 17255 | D:9      | Became a worshipper of Dithmenos the Shadowed
 17641 | D:9      | Found a stormy altar of Qazlal.
 18538 | D:10     | Entered Level 10 of the Dungeon
 18538 | D:10     | Found a staircase to the Orcish Mines.
 18560 | D:10     | Found a transporter.
 18565 | D:10     | Noticed paraphrased's ghost (novice GrGl)
 18570 | D:10     | Noticed a manticore
 18576 | D:10     | Found a transporter.
 18583 | D:10     | Noticed an ice dragon
 18583 | D:10     | Noticed a moth of wrath
 18813 | D:10     | Noticed an unseen horror
 18832 | D:10     | Killed an unseen horror
 18832 | D:10     | Reached skill level 13 in Stealth
 19047 | D:10     | Noticed Grum
 19072 | D:10     | Killed Grum
 19477 | D:10     | Reached XP level 11. HP: 48/48 MP: 23/23
 19579 | D:10     | Noticed a centaur warrior
 19836 | D:11     | Found a staircase to the Lair.
 19854 | D:11     | Noticed an unseen horror
 19880 | Lair:1   | Entered Level 1 of the Lair of Beasts
 19897 | Lair:1   | Reached * piety under Dithmenos
 20186 | Lair:1   | Reached skill level 1 in Fighting
 20428 | Lair:1   | Noticed an oklob plant
 20854 | Lair:2   | Noticed a four-headed hydra
 20857 | Lair:2   | Killed a four-headed hydra
 20925 | Lair:2   | Noticed a four-headed hydra
 20928 | Lair:2   | Killed a four-headed hydra
 21105 | Lair:2   | Reached skill level 14 in Stealth
 21108 | Lair:2   | Noticed a six-headed hydra
 21991 | Lair:2   | Found a staircase to the Swamp.
 22000 | Lair:2   | Reached skill level 10 in Translocations
 22270 | Lair:2   | Killed a six-headed hydra
 23184 | Lair:2   | Found a hole to the Spider Nest.
 23359 | Lair:2   | Reached XP level 12. HP: 55/55 MP: 14/25
 23785 | Lair:3   | Noticed a five-headed hydra
 23801 | Lair:3   | Found a frozen archway.
 23810 | Lair:3   | Reached ** piety under Dithmenos
 23884 | IceCv    | Entered an ice cave
 24132 | Lair:3   | Killed a five-headed hydra
 24205 | Lair:3   | Noticed an eight-headed hydra
 24232 | Lair:3   | Killed an eight-headed hydra
 24232 | Lair:3   | Reached skill level 15 in Stealth
 26022 | Lair:4   | Found a runed translucent door.
 26025 | Lair:4   | Noticed Huhuniw's ghost (journeyman FeFi)
 26028 | Lair:4   | Identified the +3 trident of Amortisation {elec, *Corrode
                  | rElec MR+ Str+6}
 26175 | Lair:4   | Noticed an alligator
 26337 | Lair:4   | Noticed a seven-headed hydra
 26357 | Lair:4   | Killed a seven-headed hydra
 26467 | Lair:4   | Reached *** piety under Dithmenos
 26492 | Lair:4   | Noticed an eight-headed hydra
 26829 | Lair:4   | Killed an eight-headed hydra
 27897 | Lair:4   | Noticed a four-headed hydra
 28096 | Lair:5   | Reached XP level 13. HP: 54/60 MP: 5/27
 28476 | Lair:5   | Noticed Sonja
 28497 | Lair:5   | Killed Sonja
 28514 | Lair:5   | Reached skill level 16 in Stealth
 28622 | Lair:5   | Got a silken robe
 28648 | Lair:5   | Identified the +4 robe of Filth {MR- rCorr MP+9 Dex+6} (You
                  | found it on level 5 of the Lair of Beasts)
 28688 | Lair:5   | Learned a level 3 spell: Call Canine Familiar
 28691 | Lair:5   | Learned a level 2 spell: Call Imp
 28693 | Lair:5   | Learned a level 1 spell: Summon Small Mammal
 28808 | Lair:5   | You fall through a shaft!
 28808 | Lair:6   | Entered Level 6 of the Lair of Beasts
 28829 | Lair:5   | Reached **** piety under Dithmenos
 29669 | Lair:6   | Reached skill level 15 in Dodging
 29976 | Lair:6   | Found a hide-covered altar of Uskayaw.
 30198 | Lair:6   | Reached skill level 10 in Spellcasting
 30982 | Lair:6   | Found a runed translucent door.
 31188 | Lair:6   | Paralysed by a hornet for 1 turns
 31754 | Lair:5   | Identified a scroll of acquirement
 31759 | Lair:5   | Got a brightly glowing quick blade
 31760 | Lair:5   | Identified the +3 quick blade "Inenysus" {protect, MP+9
                  | Dex+4} (You acquired it on level 5 of the Lair of Beasts)
 31807 | Lair:6   | Reached ***** piety under Dithmenos
 32406 | Lair:6   | Reached skill level 17 in Stealth
 33106 | Lair:6   | Found a runed translucent door.
 33111 | Lair:6   | Found a viscous altar of Jiyva.
 33112 | Lair:6   | Noticed an acid blob
 33115 | Lair:6   | Found a staircase to the Slime Pits.
 33115 | Lair:6   | Noticed an acid blob
 33136 | Lair:6   | Reached XP level 14. HP: 67/67 MP: 29/29
 34193 | D:11     | Noticed Erolcha
 34195 | D:11     | Killed Erolcha
 34213 | D:11     | Noticed Nergalle
 34217 | D:11     | Killed Nergalle
 34418 | D:11     | Noticed Fannar
 34422 | D:11     | Killed Fannar
 34499 | D:11     | Found a runed translucent gate.
 34500 | D:11     | Found a runed translucent gate.
 34501 | D:11     | Found a runed translucent gate.
 34502 | D:11     | Noticed Aisha's ghost (journeyman DrTm)
 34504 | D:11     | Found the +6 shillelagh "Devastator" {shatter}
 34591 | D:11     | Reached skill level 5 in Fighting
 34840 | D:12     | Got a heavily runed brass amulet
 34917 | D:12     | Identified the amulet "Xapsoor" {Gourm Int+4 Slay+2 Stlth+}
                  | (You found it on level 12 of the Dungeon)
 35596 | Orc:1    | Entered Level 1 of the Orcish Mines
 35933 | Orc:1    | Noticed Erica
 35995 | Orc:1    | Killed Erica
 36079 | Orc:1    | Found a flagged portal.
 36128 | Bailey   | Entered a bailey
 36466 | Bailey   | Found a roughly hewn altar of Beogh.
 36473 | Bailey   | Reached skill level 10 in Hexes
 36700 | Orc:2    | Entered Level 2 of the Orcish Mines
 37423 | Orc:2    | Found Meose's Antique Weapon Shop.
 37423 | Orc:2    | Found Durrodueli's Magic Scroll Emporium.
 37425 | Orc:2    | Found Unuhohin's Jewellery Shoppe.
 37427 | Orc:2    | Found Liuvvul's Weapon Boutique.
 37644 | Orc:2    | Noticed Jorgrun
 37661 | Orc:2    | Reached skill level 18 in Stealth
 38073 | Orc:2    | Found a staircase to the Elven Halls.
 38146 | Orc:2    | Noticed Maurice
 38439 | Orc:2    | Killed Maurice
 39465 | Spider:1 | Entered Level 1 of the Spider Nest
 39474 | Spider:1 | Reached skill level 15 in Translocations
 39490 | Spider:1 | Noticed Asterion
 39584 | Swamp:1  | Entered Level 1 of the Swamp
 39679 | Swamp:1  | Noticed a thorn hunter
 39978 | Lair:1   | Got a steaming hat
 39984 | Lair:1   | Identified the +1 hat of Boredom {+Fly rElec rCorr Str+5}
                  | (You acquired it on level 1 of the Lair of Beasts)
 40032 | Lair:2   | Killed a thorn hunter
 40229 | Swamp:1  | Reached XP level 15. HP: 69/72 MP: 3/31
 40386 | Swamp:1  | Learned a level 4 spell: Summon Lightning Spire
 40391 | Swamp:1  | Noticed Roxanne
 40494 | Swamp:1  | Reached skill level 10 in Short Blades
 40615 | Swamp:1  | Reached skill level 1 in Evocations
 41034 | Swamp:1  | Reached skill level 1 in Air Magic
 41588 | Swamp:2  | Reached skill level 1 in Invocations
 41738 | Swamp:2  | Noticed a thorn hunter
 42625 | Swamp:2  | Noticed a thorn hunter
 42731 | Swamp:1  | HP: 3/73 [thorn hunter/volley of thorns (24)]
 44046 | Swamp:1  | Killed a thorn hunter
 44288 | Swamp:2  | Got a sparkling wooden ring
 44303 | Swamp:2  | Identified the ring of Departure {rC+ Slay+2} (You found it
                  | on level 2 of the Swamp)
 44740 | Swamp:2  | Reached skill level 19 in Stealth
 45249 | Swamp:2  | Found an iron altar of Okawaru.
 45250 | Swamp:2  | Noticed Louise
 45567 | Swamp:2  | Killed a thorn hunter
 46307 | Swamp:3  | Reached skill level 1 in Shields
 46666 | Swamp:3  | Noticed a thorn hunter
 46960 | Swamp:3  | Killed a thorn hunter
 47322 | Swamp:4  | Entered Level 4 of the Swamp
 48019 | Swamp:4  | Noticed a thorn hunter
 48334 | D:11     | Killed Aisha's ghost
 49239 | Lair:4   | Killed Huhuniw's ghost
 49240 | Lair:4   | Reached XP level 16. HP: 65/78 MP: 17/32
 50785 | Spider:1 | Killed Asterion
 51103 | Spider:1 | Reached ****** piety under Dithmenos
 52005 | Spider:2 | Noticed Arachne
 52008 | Spider:2 | Killed Arachne
 52213 | Spider:2 | Reached skill level 5 in Evocations
 52601 | Spider:2 | Reached skill level 20 in Stealth
 53920 | Spider:4 | Entered Level 4 of the Spider Nest
 55238 | Spider:4 | Learned a level 4 spell: Iskenderun's Mystic Blast
 55472 | Spider:4 | Reached XP level 17. HP: 84/84 MP: 34/34
 56309 | Spider:4 | Got a gossamer rune of Zot
 56329 | Spider:4 | Reached skill level 5 in Invocations
 57021 | D:13     | Found Bilath's Food Shoppe.
 57288 | D:13     | Found a gate to the Vaults.
 57307 | D:13     | Learned a level 4 spell: Passage of Golubria
 57310 | D:13     | Learned a level 2 spell: Shroud of Golubria
 57617 | D:14     | Found an opulent altar of Gozag.
 58388 | D:15     | Entered Level 15 of the Dungeon
 58666 | D:15     | Reached skill level 5 in Shields
 58776 | D:15     | Reached skill level 5 in Air Magic
 59019 | D:15     | Reached skill level 21 in Stealth
 59433 | D:15     | Paralysed by a wizard for 4 turns
 60107 | D:15     | Found a staircase to the Depths.
 60316 | D:15     | Learned a level 5 spell: Lightning Bolt
 60802 | Vaults:1 | Entered Level 1 of the Vaults
 62246 | Vaults:1 | Reached XP level 18. HP: 83/88 MP: 28/36
 64478 | Vaults:1 | Found a runed translucent gate.
 64478 | Vaults:1 | Found a runed translucent gate.
 64479 | Vaults:1 | Found a runed translucent gate.
 64480 | Vaults:1 | Noticed Rufo's ghost (adept GrFi)
 64480 | Vaults:1 | Noticed Lunwagho's ghost (adept DEWz)
 64673 | Vaults:2 | Found a staircase to the Crypt.
 64673 | Vaults:2 | Found a basalt altar of Yredelemnul.
 64673 | Vaults:2 | Found an ancient bone altar of Kikubaaqudgha.
 68500 | Vaults:3 | Reached skill level 22 in Stealth
 69223 | Vaults:3 | Reached XP level 19. HP: 93/93 MP: 24/38
 69649 | Vaults:3 | Noticed a lich
 69652 | Vaults:3 | Killed a lich
 73591 | Vaults:4 | Found Kyulezoo's General Store.
 74080 | Vaults:4 | Found Tyiso's Assorted Antiques.
 75988 | Swamp:4  | Got a decaying rune of Zot
 76928 | Depths:1 | Entered Level 1 of the Depths
 77393 | Depths:1 | Reached skill level 10 in Evocations
 77541 | Depths:1 | Noticed Sojobo
 78151 | Depths:1 | Slain by a caustic shrike zombie

Skill      XL: |  1  2  3  4  5  6  7  8  9 10 11 12 13 14 15 16 17 18 19 |
---------------+----------------------------------------------------------+-----
Spellcasting   | 3 4 5 6 7 8 9 10 11 12 13 14 | 14.9
Stealth        | 4 5 6 7 8 10 11 13 14 15 17 18 19 20 21 22 | 22.7
Short Blades   | 1 2 3 4 5 6 7 8 9 10 | 10.2
Dodging        | 4 5 6 7 9 10 12 13 14 15 17 18 19 20 21 | 21.4
Hexes          | 1 2 3 5 6 7 8 9 10 | 10.8
Translocations | 1 5 8 10 12 13 15 16 17 18 19 | 19.8
Fighting       | 2 3 4 5 6 7 8 |  8.7
Evocations     | 4 6 7 8 10 | 10.0
Air Magic      | 2 4 5 6 7 |  7.0
Invocations    | 3 4 5 6 7 |  7.7
Shields        | 2 4 5 6 7 |  7.2
Conjurations   | |  2.9

Action                   |  1- 3 |  4- 6 |  7- 9 | 10-12 | 13-15 | 16-18 | 19-21 || total
-------------------------+-------+-------+-------+-------+-------+-------+-------++-------
Melee: Dagger            |    46 |    89 |   278 |   465 |   267 |       |       ||  1145
       Quick blade       |       |       |       |       |   492 |   570 |   120 ||  1182
       Staff             |       |       |       |       |       |       |     1 ||     1
 Cast: Magic Dart        |   122 |   189 |   434 |    51 |    49 |   245 |    91 ||  1181
       Dazzling Spray    |       |       |    20 |   277 |   625 |   588 |   259 ||  1769
       Fulminant Prism   |       |       |    14 |     7 |    43 |    19 |    10 ||    93
       Call Imp          |       |       |       |       |    24 |       |       ||    24
       Summon Small Mamm |       |       |       |       |    26 |       |       ||    26
       Call Canine Famil |       |       |       |       |    13 |       |       ||    13
       Summon Lightning  |       |       |       |       |    26 |    66 |    56 ||   148
       Iskenderun's Myst |       |       |       |       |       |     2 |       ||     2
       Shroud of Golubri |       |       |       |       |       |    23 |     8 ||    31
       Lightning Bolt    |       |       |       |       |       |    29 |    28 ||    57
       Passage of Golubr |       |       |       |       |       |     1 |       ||     1
       Controlled Blink  |       |       |       |       |       |     1 |     3 ||     4
Invok: Shadow Step       |       |       |       |       |     8 |     1 |       ||     9
       Shadow Form       |       |       |       |       |       |     1 |     2 ||     3
 Abil: Evoke Flight      |       |       |       |       |     2 |       |     1 ||     3
Evoke: Wand              |       |       |       |       |    17 |       |       ||    17
  Use: Scroll            |       |    10 |     2 |    12 |    14 |     3 |       ||    41
       Potion            |       |       |       |       |     2 |       |       ||     2
 Stab: Sleeping          |     7 |     5 |    37 |    38 |   106 |   184 |    29 ||   406
       Distracted        |     1 |       |       |     1 |    10 |     6 |     2 ||    20
       Invisible         |       |       |     4 |    81 |   196 |   165 |    38 ||   484
       Held in net/web   |       |       |       |       |       |     2 |       ||     2
  Eat: Ration            |       |     1 |     6 |     8 |    11 |    11 |     7 ||    44
Armor: Robe              |     1 |     8 |    13 |    11 |    12 |    13 |     3 ||    61
Dodge: Dodged            |    32 |   126 |   413 |   632 |   980 |   669 |   118 ||  2970
Block: Buckler           |       |       |       |       |       |   228 |    45 ||   273
